 Dungeon Crawl Stone Soup version 0.30-a0-691-g754fce4c43 (webtiles) character file.

Game seed: 8259089722333237696

529 bjtr the Conjurer (level 7, -10/44 HPs)
             Began as a Gargoyle Reaver on Jan 20, 2023.
             Was a Follower of Okawaru.
             Engulfed by a cloud of flame (19 damage)
             ... on level 5 of the Dungeon.
             The game lasted 00:15:07 (3286 turns).

bjtr the Conjurer (Gargoyle Reaver)                 Turns: 3286, Time: 00:15:07

Health: -10/44     AC: 12    Str: 15    XL:     7   Next: 24%
Magic:  2/11       EV: 11    Int: 16    God:    Okawaru [*.....]
Gold:   158        SH:  4    Dex:  8    Spells: 6/12 levels left

rFire   . . .      SeeInvis +    a - +0 mace (flame)
rCold   . . .      Faith    .    i - +1 buckler
rNeg    + . .      Spirit   .    b - +0 leather armour
rPois   ∞          Reflect  .    (no helmet)
rElec   +          Harm     .    (no cloak)
rCorr   .          Rampage  .    (no gloves)
Will    .....                    (no boots)
Stlth   +                        (no amulet)
HPRegen 0.27/turn                d - ring of see invisible
MPRegen 0.12/turn                y - +4 ring of protection

@: no status effects
A: sickness immunity, AC +4, negative energy resistance 1, electricity
resistance, torment resistance 1, petrification resistance
a: Renounce Religion, Heroism


You were on level 5 of the Dungeon.
You worshipped Okawaru.
Okawaru was aware of your devotion.
You visited 2 branches of the dungeon, and saw 7 of its levels.

You collected 158 gold pieces.

Inventory:

Hand Weapons
 a - a +0 mace of flaming (weapon)
 h - a +0 sling
 x - a +0 short sword of speed
Missiles
 m - 2 boomerangs
Armour
 b - a +0 leather armour (worn)
 i - a +1 buckler (worn)
Jewellery
 d - a ring of see invisible (left hand)
 q - a +6 ring of dexterity
 y - a +4 ring of protection (right hand)
Wands
 n - a wand of charming (4)
 p - a wand of polymorph (7)
Scrolls
 c - a scroll of teleportation
 f - a scroll of vulnerability
 s - a scroll of enchant armour
 t - 3 scrolls of identify
 u - a scroll of magic mapping {unknown}
 v - a scroll of poison {unknown}
Potions
 e - 4 potions of brilliance
 j - a potion of flight
 k - a potion of lignification
 w - 3 potions of curing {unknown}
 z - a potion of haste {unknown}
 A - a potion of cancellation {unknown}
 B - a potion of ambrosia {unknown}


   Skills:
 * Level 4.4 Fighting
 - Level 3.2 Maces & Flails
 + Level 2.5 Armour
 + Level 2.8 Dodging
 + Level 0.8 Stealth
 + Level 1.0 Shields
 * Level 3.0 Spellcasting
 * Level 4.8 Conjurations
 + Level 0.2 Earth Magic
 + Level 1.3 Evocations


You had 6 spell levels left.
You knew the following spells:

 Your Spells              Type           Power      Damage    Failure   Level
a - Kiss of Death         Conj/Necr      40%        2d8       12%         1
b - Momentum Strike       Conj/Tloc      20%        3d8       17%         2
c - Stone Arrow           Conj/Erth      20%        3d8       32%         3

Your spell library contained the following spells:

 Spells                   Type           Power      Damage    Failure   Level
 Hailstorm                Conj/Ice       10%        3d5       34%         3
 Ignite Poison            Fire/Tmut/Pois 2%         N/A       67%         3
 Kindle Blastsparks       Fire/Tloc/Air  4%         2d10      67%         3
 Vhi's Electric Charge    Tloc/Air       4%         N/A       67%         3
 Petrify                  Tmut/Erth      2%         N/A       96%         4
 Arcjolt                  Conj/Air       5%         1d15      97%         5
 Irradiate                Conj/Tmut      5%         3d13      97%         5
 Freezing Cloud           Conj/Ice/Air   3%         6-21      99%         5
 Lehudib's Crystal Spear  Conj/Erth      5%         10d3      100%        8
 Maxwell's Capacitive Co  Air            1%         ∞         100%        8
 Sublimation of Blood     Necr           Unusable   N/A       N/A         2
 Animate Armour           Summ/Erth      Unusable   N/A       N/A         4

Dungeon Overview and Level Annotations

Branches:
Dungeon (6/15)             Temple (1/1) D:4

Altars:
Ashenzari
Cheibriados
Elyvilon
Fedhas
Hepliaklqana
Kikubaaqudgha
Makhleb
Nemelex Xobeh
Okawaru
Qazlal
Ru
Uskayaw
Vehumet
Wu Jian
Xom
Yredelemnul
Zin


Innate Abilities, Weirdness & Mutations

You are immune to sickness and miasma.
Your stone body is resilient. (AC +4)
You are immune to poison.
You resist negative energy. (rN+)
You are resistant to electric shocks. (rElec)
You are resistant to unholy torment.
You are immune to petrification.


Message History

The spell is quite dangerous to miscast (34% risk of failure)!
Continue anyway?
Aiming: Stone Arrow (quite dangerous; 34% risk of failure)
Press: ? - help, Shift-Dir - straight line, f - gnoll
Aim: a gnoll, wielding a +0 halberd (inner flame, 72% to hit)
The stone arrow hits the gnoll!
Flame seeps out of the gnoll.
The gnoll is severely wounded.
The gnoll is engulfed in blazing flames.
Okawaru accepts your kill.
The gnoll explodes!
You hear an angry growl.
You hear a shout! x2
You have reached level 7!
A black bear comes into view.
You start resting.
A black bear is nearby!
Casting: Stone Arrow (quite dangerous; 34% risk of failure)
Confirm with . or Enter, or press ? or * to list all spells.
You don't have enough magic to cast this spell.
The black bear is engulfed in blazing flames.
You barely miss the black bear.
The black bear is severely wounded.
The black bear barely misses you. The black bear claws you.
The black bear barely misses you.
You hit the black bear. You burn the black bear.
The black bear is almost dead.
The black bear bites you but does no damage.
The black bear claws you. The black bear misses you.
You hit the black bear. You burn the black bear.
You kill the black bear!
Okawaru accepts your kill.
You can now gain great but temporary skills.
Your Shields skill increases to level 1!
Your Spellcasting skill increases to level 3!
You hit the quokka.
Flame seeps out of the quokka.
You burn the quokka. Okawaru accepts your kill.
The quokka explodes!
The fiery explosion engulfs you!
You are engulfed in blazing flames.
* * * LOW HITPOINT WARNING * * *
You hear an angry hiss.
You are engulfed in blazing flames.
You die...

### ##.## ###§..##
#§@....# ###§..## .
#.)..# ..### ##r.###
..#.......##h...# #.
..........#..).###
... .... #..........#
....
#..####.##.#..>##
....##...###....#####


There were no monsters in sight!

Vanquished Creatures
  A black bear (D:5)
  An ogre (D:6)
  A scorpion (D:3)
  A vampire bat (D:3)
  A hound (D:4)
  An orc priest (D:6)
  An iguana (D:5)
  2 orc wizards (D:4)
  A gnoll (D:5)
  An adder (D:2)
  A worm (D:4)
  A dart slug (D:1)
  9 orcs
  6 ball pythons
  7 bats (D:1)
  3 bat skeletons (D:3)
  3 bat zombies (D:3)
  4 endoplasms
  5 giant cockroaches
  3 goblins
  3 hobgoblins
  7 jackals
  3 quokkas
  5 frilled lizards
  5 kobolds
  7 rats
83 creatures vanquished.

Vanquished Creatures (others)
  An orc wizard (D:6)
1 creature vanquished.

Grand Total: 84 creatures vanquished

Notes
Turn   | Place    | Note
-------+----------+-------------------------------------------
     0 | D:1      | bjtr the Gargoyle Reaver began the quest for the Orb.
     0 | D:1      | Reached XP level 1. HP: 12/12 MP: 3/3
   113 | D:1      | Reached XP level 2. HP: 16/17 MP: 5/5
   116 | D:1      | Learned a level 2 spell: Momentum Strike
   456 | D:1      | Reached XP level 3. HP: 15/22 MP: 6/6
  1033 | D:2      | Learned a level 3 spell: Stone Arrow
  1917 | D:3      | Found a sparkling altar of Nemelex Xobeh.
  1919 | D:3      | Noticed a scorpion
  1931 | D:3      | Reached XP level 4. HP: 27/27 MP: 7/7
  1932 | D:3      | Killed a scorpion
  1933 | D:3      | Reached skill level 1 in Armour
  1933 | D:3      | Reached XP level 5. HP: 32/32 MP: 5/8
  2251 | D:3      | Found an ancient bone altar of Kikubaaqudgha.
  2266 | D:3      | Reached skill level 1 in Evocations
  2696 | D:4      | Found a staircase to the Ecumenical Temple.
  2705 | Temple   | Entered the Ecumenical Temple
  2775 | Temple   | Became a worshipper of Warmaster Okawaru
  2860 | D:4      | Reached XP level 6. HP: 32/37 MP: 9/9
  3116 | D:4      | You fall into a shaft and drop 2 floors!
  3225 | D:6      | Noticed an orc warrior
  3246 | D:5      | Entered Level 5 of the Dungeon
  3272 | D:5      | Reached XP level 7. HP: 35/43 MP: 1/11
  3284 | D:5      | Reached * piety under Okawaru
  3285 | D:5      | Reached skill level 1 in Shields
  3286 | D:5      | Engulfed by a cloud of flame

Illustrated notes

Levels and vault maps discovered:
D:1:      roderic_octagonal_star, layout_basic, roderic_lattice_a
D:2:      layout_basic
D:3:      layout_rooms, kennysheep_vampire_church, lemuel_doored_altar,
          kennysheep_flooded_box, wad_floor_pattern_1, st_stairs_6
D:4:      layout_basic, minmay_temple_entry_statues_fountains
D:5:      layout_cave_pools, bloody_trog, hangedman_abyss_or_decor_lesser_grid,
          uniq_prince_ribbit1
D:6:      layout_loops_ring, uniq_crazy_yiuf_cottage
Temple:   eino_wide_crystal_templ

Skill      XL: |  1  2  3  4  5  6  7 |
---------------+----------------------+-----
Fighting       | 3 4 |  4.4
Armour         | 1 2 |  2.5
Dodging        | 2 |  2.8
Conjurations   | 4 |  4.8
Evocations     | 1 |  1.3
Shields        | 1 |  1.0
Spellcasting   | 3 |  3.0
Maces & Flails | |  3.2
Stealth        | |  0.8
Earth Magic    | |  0.2

Action                   |  1- 3 |  4- 6 |  7- 9 || total
-------------------------+-------+-------+-------++-------
Melee: Mace              |   159 |   123 |     4 ||   286
 Cast: Momentum Strike   |       |     1 |       ||     1
       Stone Arrow       |       |     6 |       ||     6
  Use: Scroll            |     5 |     6 |       ||    11
       Potion            |       |     1 |       ||     1
Armor: Leather armour    |    97 |    71 |     1 ||   169
Dodge: Dodged            |   139 |    72 |     3 ||   214
Block: Buckler           |     6 |    19 |       ||    25

Table legend: (Time is in decaauts)
 A = Elapsed time spent in this place.
 B = Non-inter-level travel time spent in this place.
 C = Inter-level travel time spent in this place.
 D = Time resting spent in this place.
 E = Time spent auto-exploring this place.
 F = Levels seen in this place.
 G = Mean time per level.
                   A        B        C        D        E       F      G
               +--------+--------+--------+--------+--------+-----+--------+
         Total |   3360 |   3250 |    110 |     71 |   2337 |   7 |  480.0 |
       Dungeon |   3277 |   3188 |     89 |     71 |   2331 |   6 |  546.2 |
        Temple |     82 |     61 |     21 |      0 |      6 |   1 |   82.0 |
               +--------+--------+--------+--------+--------+-----+--------+

Top non-repeatable levels by time:
     D:1: 987 daAuts
     D:2: 772 daAuts
     D:3: 718 daAuts
     D:4: 622 daAuts
     D:6: 134 daAuts
  Temple: 82 daAuts
     D:5: 40 daAuts
